 Dungeon Crawl Stone Soup version 0.28.0-47-ge53b351184 (webtiles) character file.

Game seed: 18423716248260628904

1145 NinjaNoafa the Skirmisher (level 8, -4/65 HPs)
             Began as a Palentonga Fighter on May 2, 2022.
             Slain by Duvessa
             ... wielding a +0 rapier
              (8 damage)
             ... on level 5 of the Dungeon.
             The game lasted 00:11:39 (5383 turns).

NinjaNoafa the Skirmisher (Palentonga Fighter)      Turns: 5383, Time: 00:11:41

Health: -4/65      AC: 18    Str: 27    XL:     8   Next: 15%
Magic:  8/8        EV:  6    Int: 10    God:
Gold:   169        SH:  9    Dex:  9    Spells: 7/7 levels left

rFire   + . .      SeeInvis +   a - +8 whip of Karma {vorpal, rElec rN+ Stlth+}
rCold   . . .      Faith    .   b - +1 kite shield
rNeg    + . .      Spirit   .   k - +2 scale mail {rF+}
rPois   .          Reflect  .   f - +0 helmet
rElec   +          Harm     .   g - +0 cloak
rCorr   .          Rampage  .   (no gloves)
Will    .....                   (no barding)
Stlth   +.........              (no amulet)
HPRegen 0.20/turn               h - +6 ring of strength
MPRegen 0.11/turn               (no ring)

@: curled up
A: large, rugged brown scales 3, see invisible, deformed body, roll 1, armoured
tail, reflexive curl
a: Rolling Charge


You were on level 5 of the Dungeon.
You visited 1 branch of the dungeon, and saw 5 of its levels.

You collected 169 gold pieces.

Inventory:

Hand Weapons
 a - the +8 whip of Karma (weapon) {vorpal, rElec rN+ Stlth+}
   (You found it on level 5 of the Dungeon)

   It inflicts extra damage upon your enemies.
   rElec:     It insulates you from electricity.
   rN:        It protects you from negative energy.
   Stlth:     It makes you more stealthy.
 d - the +5 quarterstaff "Vetrabra" {flame, MP+9}
   (You found it on level 5 of the Dungeon)

   It burns those it strikes, dealing additional fire damage.
   MP:        It affects your magic capacity (+9).
 o - a +4 short sword of flaming
Missiles
 c - 101 stones
Armour
 b - a +1 kite shield (worn)
 f - a +0 helmet (worn)
 g - a +0 cloak (worn)
 k - a +2 scale mail of fire resistance (worn)
Jewellery
 h - a +6 ring of strength (left hand)
Wands
 i - a wand of flame (9)
Scrolls
 j - a scroll of immolation


   Skills:
 - Level 4.6 Fighting
 - Level 4.3 Short Blades
 - Level 3.6(3.7) Axes
 + Level 1.2(2.6) Maces & Flails
 - Level 3.8 Armour
 - Level 3.7 Shields
 - Level 4.0 Evocations


You had 7 spell levels left.
You didn't know any spells.
Your spell library contained the following spells:

 Spells                   Type           Power      Damage    Failure   Level
 Corpse Rot               Necr/Air       0%         N/A       96%         2
 Poisonous Vapours        Pois/Air       0%         N/A       96%         2


Dungeon Overview and Level Annotations

Branches:
Dungeon (5/15)
 Temple: D:4-7

Altars:

Annotations:
D:5 Duvessa


Innate Abilities, Weirdness & Mutations

You are completely covered in rugged brown scales. (AC +3, +7% HP)
You have supernaturally acute eyesight. (SInv)
Armour fits poorly on your strangely shaped body.
You can roll at nearby foes to attack.
You have a long armoured tail.
You curl defensively after being hit. (AC +7*)


Message History

You block Dowan's attack.
You aren't carrying any potions.
Okay, then.
You hit Dowan. You tail-slap Dowan.
Dowan is almost dead.
Duvessa completely misses you. The hound bites you but does no damage.
Duvessa hits you with a +0 rapier. The hound bites you but does no damage.
You block Dowan's attack.
You whack Dowan!
You kill Dowan!
Duvessa screams, "No!
How DARE you!"
Duvessa goes berserk!
Duvessa barely misses you. The hound bites you but does no damage.
You block Duvessa's attack.
Your base Maces & Flails skill increases to level 1!
You hit Duvessa. You tail-slap Duvessa.
Duvessa is almost dead.
You block the hound's attack. Duvessa hits you with a +0 rapier.
* * * LOW HITPOINT WARNING * * *
You block the hound's attack. Duvessa hits you with a +0 rapier!
* * * LOW HITPOINT WARNING * * *
Unknown command.
The hound bites you but does no damage.
Duvessa rages.
Duvessa hits you with a +0 rapier!
* * * LOW HITPOINT WARNING * * *
You block the hound's attack.
Aiming: Throw Flame
Press: ? - help, Shift-Dir - straight line, f - Duvessa
Aim: Duvessa, wielding a +0 rapier and wearing a +0 ring mail (almost dead, berserk, fast, 79% to hit)
The puff of flame hits Duvessa.
Duvessa is almost dead.
Duvessa barely misses you. You block the hound's attack.
You block Duvessa's attack.
Aiming: Throw Flame
Press: ? - help, Shift-Dir - straight line, f/p - Duvessa
Aim: Duvessa, wielding a +0 rapier and wearing a +0 ring mail (almost dead, berserk, fast, 79% to hit)
The puff of flame hits Duvessa but does no damage.
Duvessa is almost dead.
The hound bites you but does no damage. Duvessa hits you with a +0 rapier!
You die...

............#
##.###......
#...........#
##..# ###.>..
#..........###..##
##...
#.........###..##
###.
#........##..## ##
#..)...###.## #
##.....##..# #
##...eh..## #
####.@.## # ##.##
# #... # #..##. #
#..# ## # .$## #
.# # .# # #


You could see Duvessa (berserk, fast) and a hound.

Vanquished Creatures
  Sigmund (D:2)
  A sky beast (D:5)
  2 ogres
  A phantom (D:4)
  A scorpion (D:5)
  Dowan (D:5)
  A bullfrog zombie (D:5)
  A bullfrog skeleton (D:4)
  3 orc priests (D:4)
  Crazy Yiuf (D:4)
  A hound (D:4)
  A gnoll shaman (D:5)
  2 iguanas (D:4)
  Terence (D:2)
  An orc wizard (D:4)
  A hound skeleton (D:4)
  Robin (D:2)
  5 gnolls (D:5)
  5 adders
  An adder zombie (D:5)
  An adder skeleton (D:4)
  A worm (D:2)
  2 dart slugs
  14 orcs
  An endoplasm (D:3)
  A giant cockroach (D:2)
  8 hobgoblins
  8 jackals
  7 kobolds
  3 quokkas
  6 ball pythons
  4 bats
  5 frilled lizards
  17 goblins
  3 rats
113 creatures vanquished.

Notes
Turn   | Place    | Note
-------+----------+-------------------------------------------
     0 | D:1      | NinjaNoafa the Palentonga Fighter began the quest for the
                  | Orb.
     0 | D:1      | Reached XP level 1. HP: 19/19 MP: 1/1
   332 | D:1      | Reached XP level 2. HP: 25/25 MP: 2/2
  1167 | D:2      | Noticed Sigmund
  1174 | D:2      | Killed Sigmund
  1175 | D:2      | Reached XP level 3. HP: 26/32 MP: 3/3
  1175 | D:2      | Reached XP level 4. HP: 32/39 MP: 4/4
  1175 | D:2      | Reached XP level 5. HP: 36/44 MP: 5/5
  1385 | D:2      | Noticed Robin
  1980 | D:2      | Noticed Terence
  1986 | D:2      | Killed Robin
  2550 | D:2      | Killed Terence
  2920 | D:3      | Reached XP level 6. HP: 47/51 MP: 6/6
  3553 | D:4      | Reached skill level 1 in Short Blades
  3827 | D:4      | Gained mutation: You curl defensively after being hit. (AC
                  | +7*) [Palentonga growth]
  3827 | D:4      | Reached XP level 7. HP: 39/57 MP: 7/7
  4513 | D:4      | Found a runed translucent door.
  4514 | D:4      | Noticed Crazy Yiuf
  4726 | D:4      | Killed Crazy Yiuf
  4889 | D:5      | Entered Level 5 of the Dungeon
  4943 | D:5      | Reached XP level 8. HP: 12/65 MP: 8/8
  5283 | D:5      | Identified the +8 whip of Karma {vorpal, rElec rN+ Stlth+}
  5286 | D:5      | Identified the +5 quarterstaff "Vetrabra" {flame, MP+9}
  5362 | D:5      | Noticed Dowan
  5364 | D:5      | Noticed Duvessa
  5377 | D:5      | Killed Dowan
  5378 | D:5      | Reached skill level 1 in Maces & Flails
  5383 | D:5      | Slain by Duvessa

Illustrated notes

Levels and vault maps discovered:
D:1:      minmay_arrival_four_circles, layout_basic
D:2:      layout_basic, ebering_dispersal_statue_hall, uniq_sigmund, uniq_robin,
          uniq_terence
D:3:      layout_basic
D:4:      layout_rooms, uniq_crazy_yiuf_cottage
D:5:      layout_cave_pods, mainiacjoe_overflow_concentric_impassable,
          chequers_temple_overflow_minitemple, uniq_duvessa, uniq_grinder,
          uniq_pikel

Skill      XL: |  1  2  3  4  5  6  7  8 |
---------------+-------------------------+-----
Axes           | 3 |  3.6
Armour         | 3 |  3.8
Shields        | 3 |  3.7
Fighting       | 4 |  4.6
Short Blades   | 3 4 |  4.3
Evocations     | 3 4 |  4.0
Maces & Flails | 1 |  1.2

Action                   |  1- 3 |  4- 6 |  7- 9 || total
-------------------------+-------+-------+-------++-------
Melee: War axe           |    42 |   126 |       ||   168
       Tailslap          |     1 |    17 |    10 ||    28
       Short sword       |       |    62 |    56 ||   118
       Whip              |       |       |    11 ||    11
Throw: Stone             |       |     4 |       ||     4
 Abil: Rolling Charge    |     9 |    22 |     5 ||    36
Evoke: Wand              |       |       |    14 ||    14
  Use: Potion            |     1 |     7 |     2 ||    10
       Scroll            |       |     4 |     9 ||    13
Armor: Scale mail        |    10 |    37 |    46 ||    93
       Plate armour      |    10 |    91 |       ||   101
Dodge: Dodged            |     8 |    35 |    16 ||    59
Block: Buckler           |     4 |     5 |       ||     9
       Kite shield       |       |    69 |    48 ||   117
